 Dungeon Crawl Stone Soup version 0.31-a0-239-g0a1456f148 (webtiles) character file.

Game seed: 8988152670628774943

77 qw the Shooter (level 4, -6/36 HPs)
             Began as a Minotaur Hexslinger on July 11, 2023.
             Mangled by Natasha (7 damage)
             ... on level 2 of the Dungeon.
             The game lasted 00:00:33 (1027 turns).

qw the Shooter (Minotaur Hexslinger)                Turns: 1027, Time: 00:00:33

Health: -6/36      AC:  6    Str: 12    XL:     4   Next: 14%
Magic:  4/4        EV: 11    Int: 10    God:
Gold:   48         SH:  0    Dex: 15    Spells: 4/5 levels left

rFire   . . .        Y - +1 sling
rCold   . . .        (no shield)
rNeg    . . .        j - +0 ring mail
rPois   .            (helmet restricted)
rElec   .            (no cloak)
rCorr   .            h - +0 pair of gloves
SInv    .            (no boots)
Will    .....        (no amulet)
Stlth   +            (no ring)
HPRegen 0.26/turn    (no ring)
MPRegen 0.09/turn

%: no passive effects
@: slowed, very slow
A: horns 2, retaliatory headbutt
a: no special abilities


You were on level 2 of the Dungeon.
You visited 1 branch of the dungeon, and saw 2 of its levels.

You collected 48 gold pieces.


Innate Abilities, Weirdness & Mutations

You have a pair of horns on your head.
You reflexively headbutt those who attack you in melee.


   Skills:
 - Level 2.0 Fighting
 + Level 4.4 Ranged Weapons
 - Level 1.3 Armour
 - Level 2.1 Dodging
 - Level 1.0 Spellcasting
 - Level 2.0 Hexes


You had 4 spell levels left.
You knew the following spells:

 Your Spells              Type           Power      Damage    Failure   Level
a - Slow                  Hex            16%        N/A       32%         1

Your spell library contained the following spells:

 Spells                   Type           Power      Damage    Failure   Level
 Inner Flame              Hex/Fire       2%         N/A       83%         3
 Portal Projectile        Hex/Tloc       4%         N/A       83%         3
 Cause Fear               Hex            2%         N/A       97%         4

Inventory:

Hand Weapons
 Y - a +1 sling (weapon)
Armour
 h - a +0 pair of gloves (worn)
 j - a +0 ring mail (worn)
Jewellery
 a - a ring of positive energy
 g - a ring of fire
Potions
 e - a potion of might {unknown}
 f - 2 potions of curing
 i - a potion of enlightenment {unknown}

Dungeon Overview and Level Annotations

Branches:
Dungeon (2/15)

Altars:

Shops:
D:2 (

Annotations:
D:2 Natasha


Message History

Natasha is severely wounded.
Natasha stares at you and mumbles some strange words.
You feel yourself slow down.
A ball python comes into view.
You shoot a sling bullet. The sling bullet misses Natasha.
The ball python hisses angrily.
Natasha claws you.
Natasha stares at you and mumbles some strange words.
The magic dart hits you!
You shoot a sling bullet. The sling bullet barely misses Natasha.
Natasha claws you.
Natasha casts a spell.
You shoot a sling bullet.
The sling bullet hits Natasha but does no damage.
Natasha is severely wounded.
Natasha hisses.
Natasha claws you but does no damage. Natasha misses you.
You furiously retaliate!
You headbutt Natasha, but do no damage. You shoot a sling bullet.
The sling bullet hits Natasha but does no damage.
Natasha is severely wounded.
You hear an angry hiss.
A frilled lizard comes into view.
Natasha closely misses you. Natasha claws you.
You shoot a sling bullet.
The sling bullet closely misses Natasha.
The sling bullet closely misses the ball python.
The sling bullet hits the cerulean imp but does no damage.
Natasha stares at you and mumbles some strange words.
You resist with some effort.
Natasha wildly gestures.
Natasha's front paws start to glow.
Natasha casts a spell.
You shoot a sling bullet. The sling bullet hits Natasha.
Natasha is severely wounded.
The cerulean imp closely misses you. Natasha claws you but does no damage.
The cerulean imp hits you with a +1 spear.
The cerulean imp hits you from afar with a +1 spear.
Natasha claws you!
You die...

########### .
#.......%.# ...
#)#######.#
#....########.#
##.##
....S5h@5.....#
#....
##..l##########
#..#. #. #..#.
########..#.
#........... #
#.######..##
#.#.# #..#
#.#.######..#
#..#........#


You could see Natasha, 2 cerulean imps, a ball python and a frilled lizard.

Vanquished Creatures
  Natasha (D:2)
  An adder (D:2)
  A worm (D:2)
  2 dart slugs (D:1)
  2 ball pythons (D:1)
  2 bats (D:1)
  3 endoplasms (D:1)
  2 giant cockroaches (D:1)
  A hobgoblin (D:1)
  6 jackals
  2 kobolds
  2 quokkas (D:2)
  7 goblins
  2 rats (D:2)
34 creatures vanquished.

Notes
Turn   | Place    | Note
-------+----------+-------------------------------------------
     0 | D:1      | qw the Minotaur Hexslinger began the quest for the Orb.
     0 | D:1      | Reached XP level 1. HP: 16/16 MP: 1/1
     0 | D:1      | 0 ||| qw: Version: 0.3-a-52-g30416fa
     0 | D:1      | 0 ||| qw: Game counter: 5931
     0 | D:1      | 0 ||| qw: Melee chars always use a shield: true
     0 | D:1      | 0 ||| qw: God list: Okawaru
     0 | D:1      | 0 ||| qw: Allow faded altars: false
     0 | D:1      | 0 ||| qw: Do Orc after clearing Dungeon:15 true
     0 | D:1      | 0 ||| qw: Do second Lair branch before Depths: true
     0 | D:1      | 0 ||| qw: Lair rune preference: random
     0 | D:1      | 0 ||| qw: Goals: Normal
     0 | D:1      | 0 ||| PLANNING D:1-11
   109 | D:1      | Reached skill level 3 in Ranged Weapons
   115 | D:1      | Reached XP level 2. HP: 23/23 MP: 2/2
   262 | D:1      | 262 ||| FLEEEEING.
   263 | D:1      | 263 ||| FLEEEEING.
   264 | D:1      | 264 ||| FLEEEEING.
   265 | D:1      | 265 ||| FLEEEEING.
   266 | D:1      | 266 ||| FLEEEEING.
   269 | D:1      | 269 ||| FLEEEEING.
   270 | D:1      | 270 ||| FLEEEEING.
   271 | D:1      | 271 ||| FLEEEEING.
   272 | D:1      | 272 ||| FLEEEEING.
   274 | D:1      | 274 ||| FLEEEEING.
   275 | D:1      | 275 ||| FLEEEEING.
   276 | D:1      | 276 ||| FLEEEEING.
   277 | D:1      | 277 ||| FLEEEEING.
   278 | D:1      | 278 ||| FLEEEEING.
   279 | D:1      | 279 ||| FLEEEEING.
   280 | D:1      | 280 ||| FLEEEEING.
   281 | D:1      | 281 ||| FLEEEEING.
   282 | D:1      | 282 ||| FLEEEEING.
   283 | D:1      | 283 ||| FLEEEEING.
   284 | D:1      | 284 ||| FLEEEEING.
   285 | D:1      | 285 ||| FLEEEEING.
   286 | D:1      | 286 ||| FLEEEEING.
   287 | D:1      | 287 ||| FLEEEEING.
   288 | D:1      | 288 ||| FLEEEEING.
   289 | D:1      | 289 ||| FLEEEEING.
   290 | D:1      | 290 ||| FLEEEEING.
   292 | D:1      | 292 ||| FLEEEEING.
   293 | D:1      | 293 ||| FLEEEEING.
   294 | D:1      | 294 ||| FLEEEEING.
   296 | D:1      | 296 ||| FLEEEEING.
   297 | D:1      | 297 ||| FLEEEEING.
   298 | D:1      | 298 ||| FLEEEEING.
   299 | D:1      | 299 ||| FLEEEEING.
   393 | D:1      | Reached XP level 3. HP: 28/29 MP: 3/3
   793 | D:1      | 793 ||| UPGRADING to +0 pair of gloves.
   798 | D:1      | 798 ||| UPGRADING to +0 ring mail.
   808 | D:1      | 808 ||| DROPPING +0 robe.
   809 | D:1      | 809 ||| READING scroll labelled VUFI IMAZEROUQ.
   810 | D:1      | 810 ||| READING scroll labelled PIUHUX AMUESSO.
   811 | D:1      | 811 ||| READING scroll labelled DEYMYU CUETUYK.
   812 | D:1      | 812 ||| DRINKING 3 bubbling purple potions.
   813 | D:1      | 813 ||| DROPPING scroll of poison.
   862 | D:2      | Noticed Natasha
   868 | D:2      | 868 ||| STAIRDANCE
   868 | D:2      | Killed Natasha
   869 | D:2      | Reached skill level 4 in Ranged Weapons
   921 | D:2      | Found Hedghac's Antique Weapon Shoppe.
   930 | D:2      | 930 ||| SHOPLISTING buzzing sling (136 gold, have 48).
   953 | D:2      | Reached skill level 1 in Armour
   953 | D:2      | Reached XP level 4. HP: 34/36 MP: 4/4
  1008 | D:2      | Noticed Natasha
  1023 | D:2      | HP: 7/36 [Natasha (4)]
  1027 | D:2      | HP: 1/36 [cerulean imp/+1 spear[Natasha] (3)]
  1027 | D:2      | Mangled by Natasha

Levels and vault maps discovered:
D:1:      dpeg_arrival_tiny_a, layout_basic
D:2:      layout_loops_ring, serial_shops, shop, basic_altar, uniq_sigmund,
          uniq_crazy_yiuf_cottage, uniq_natasha

Skill      XL: |  1  2  3 |
---------------+----------+-----
Ranged Weapons | 3 4 |  4.4
Fighting       | 2 |  2.0
Armour         | 1 |  1.3
Dodging        | |  2.1
Spellcasting   | |  1.0
Hexes          | |  2.0

Action                     |  1- 3 |  4- 6 || total
---------------------------+-------+-------++-------
   Fire: Sling             |    91 |    24 ||   115
    Use: Scroll            |     3 |       ||     3
         Potion            |     1 |       ||     1
 Armour: Robe              |     7 |       ||     7
         Ring mail         |     5 |     3 ||     8
  Dodge: Dodged            |    28 |    11 ||    39

Table legend:
 A = Non-vault XP
 B = Vault XP
 C = Vault XP percentage of total XP
 D = Non-vault monster count
 E = Vault monster count
 F = Vault count percentage of total count
                 A         B        C        D         E       F
            +---------+---------+-------+---------+---------+-------
      Total |      78 |      33 |  29.7 |      33 |       1 |   2.9
            +---------+---------+-------+---------+---------+-------
        D:1 |      47 |       0 |   0.0 |      23 |       0 |   0.0
        D:2 |      31 |      33 |  51.6 |      10 |       1 |   9.1
            +---------+---------+-------+---------+---------+-------
